 Dungeon Crawl Stone Soup version 0.28-a0-925-gd5e1996cdb (webtiles) character file.

Game seed: 11154809396559411185

44 bearlyready the Bolt Thrower (level 3, -5/30 HPs)
             Began as a Minotaur Hunter on Nov 26, 2021.
             Slain by Natasha (6 damage)
             ... on level 3 of the Dungeon.
             The game lasted 00:02:20 (1777 turns).

bearlyready the Bolt Thrower (Minotaur Hunter)      Turns: 1777, Time: 00:02:20

Health: -5/30      AC:  5    Str: 17    XL:     3   Next: 41%
Magic:  2/2        EV: 11    Int:  8    God:
Gold:   100        SH:  0    Dex: 10    Spells: 2/2 levels left

rFire   . . .      SeeInvis .   k - +4 whip
rCold   . . .      Faith    .   (no shield)
rNeg    . . .      Spirit   .   n - +0 ring mail
rPois   .          Reflect  .   (helmet restricted)
rElec   .          Harm     .   (no cloak)
rCorr   .          Rampage  .   (no gloves)
Will    .....                   (no boots)
Stlth   +.........              j - amulet of regeneration
HPRegen 0.90/turn               (no ring)
MPRegen 0.08/turn               (no ring)

@: no status effects
A: horns 2, retaliatory headbutt
a: no special abilities


You were on level 3 of the Dungeon.
You visited 1 branch of the dungeon, and saw 3 of its levels.

You collected 100 gold pieces.

Inventory:

Hand Weapons
 a - a +1 hand crossbow
 b - a +0 short sword
 k - a +4 whip (weapon)
Missiles
 d - 34 bolts
 e - 47 stones (quivered)
Armour
 c - a +0 leather armour
 n - a +0 ring mail (worn)
Magical Staves
 f - a staff of air
Jewellery
 j - an amulet of regeneration (around neck)
Scrolls
 g - a scroll of blinking
 h - a scroll of teleportation
 i - a scroll of noise
Potions
 l - a potion of resistance {unknown}
 m - a potion of degeneration


   Skills:
 - Level 2.4 Fighting
 + Level 0.9 Maces & Flails
 + Level 5.6 Crossbows
 - Level 2.1 Dodging
 - Level 0.7 Stealth


You had 2 spell levels left.
You didn't know any spells.
Your spell library contained the following spells:

 Spells                   Type           Power      Damage    Failure   Level
 Freeze                   Ice            0%         1d3       63%         1
 Frozen Ramparts          Ice            0%         1d2       94%         3
 Gell's Gravitas          Tloc           0%         N/A       94%         3
 Ozocubu's Armour         Ice            0%         N/A       94%         3
 Teleport Other           Tloc           0%         N/A       94%         3
 Hailstorm                Conj/Ice       0%         3d3       100%        4
 Dispersal                Tloc           0%         N/A       100%        6
 Ozocubu's Refrigeration  Ice            0%         4d5       100%        7


Dungeon Overview and Level Annotations

Branches:
Dungeon (3/15)

Altars:
Qazlal

Annotations:
D:3 Natasha, Sigmund


Innate Abilities, Weirdness & Mutations

You have a pair of horns on your head.
You reflexively headbutt those who attack you in melee.


Message History

You are too injured to fight recklessly!
You barely miss Natasha.
Natasha extends her claws.
Natasha casts a spell.
You whack Natasha! Your headbutt misses Natasha.
Natasha is heavily wounded.
Natasha barely misses you.
You closely miss Natasha. Your headbutt misses Natasha.
Natasha is heavily wounded.
Natasha claws you. The shadow imp gestures at you.
Pain shoots through your body!
You barely miss Natasha. Your headbutt misses Natasha.
Natasha is heavily wounded.
Natasha casts a spell at you. The magic dart hits you.
You hit Natasha.
Natasha is severely wounded.
The shadow imp closely misses you. You furiously retaliate!
You headbutt the shadow imp!
Natasha mumbles some strange words.
Natasha shimmers violently.
Natasha mumbles some strange words.
You barely miss Natasha. Your headbutt misses Natasha.
Natasha is severely wounded.
The shadow imp hits you but does no damage.
Natasha misses you.
You hit Natasha.
Natasha is almost dead.
The shadow imp barely misses you.
Natasha mumbles some strange words.
You barely miss Natasha.
Natasha is almost dead.
The iron imp grins evilly.
The iron imp hits you! The shadow imp gestures at you.
Pain shoots through your body!
* * * LOW HITPOINT WARNING * * *
Natasha claws you.
You die...

############....#
.. #....# ...
#....#
...############'##
.............##.#
.............##.#
...$............#
.....5..?....####
##...5@...).......
#...h5......###..
#...........#
#...........#
#...........#
#.............
##############


You could see an iron imp (summoned), Natasha and 2 shadow imps.

Vanquished Creatures
  4 dart slugs
  4 endoplasms
  A giant cockroach (D:2)
  7 goblins
  A hobgoblin (D:2)
  3 kobolds
  A quokka (D:2)
  3 ball pythons
  7 bats
  2 frilled lizards (D:2)
  3 rats
36 creatures vanquished.

Notes
Turn   | Place    | Note
-------+----------+-------------------------------------------
     0 | D:1      | bearlyready the Minotaur Hunter began the quest for the
                  | Orb.
     0 | D:1      | Reached XP level 1. HP: 18/18 MP: 0/0
   442 | D:1      | Reached XP level 2. HP: 25/25 MP: 1/1
   499 | D:1      | Reached skill level 5 in Crossbows
  1089 | D:2      | Reached XP level 3. HP: 29/30 MP: 2/2
  1139 | D:2      | Found a faded altar of an unknown god.
  1530 | D:3      | Found a stormy altar of Qazlal.
  1530 | D:3      | Noticed Sigmund
  1765 | D:3      | Noticed Natasha
  1777 | D:3      | HP: 1/30 [shadow imp/nerve-wracking pain[Natasha] (10)]
  1777 | D:3      | Slain by Natasha

Illustrated notes

Levels and vault maps discovered:
D:1:      dpeg_cavernosity, layout_basic, grunt_decor_arrowhead
D:2:      layout_rooms, shapermc_ecumenical_altar_gd
D:3:      layout_basic, overflow_temple_1_default, portal_sewer_entry_b,
          uniq_grinder, uniq_sigmund, uniq_natasha

Skill      XL: |  1  2 |
---------------+-------+-----
Crossbows      | 5 |  5.6
Fighting       | |  2.4
Maces & Flails | |  0.9
Dodging        | |  2.1
Stealth        | |  0.7

Action                   || total
-------------------------++-------
Melee: Short sword       ||    41
       Headbutt          ||    10
       Whip              ||    29
 Fire: Hand crossbow     ||     3
  Use: Scroll            ||     5
 Stab: Sleeping          ||     1
Armor: Leather armour    ||    14
       Ring mail         ||     2
Dodge: Dodged            ||    43

Table legend: (Time is in decaauts)
 A = Elapsed time spent in this place.
 B = Non-inter-level travel time spent in this place.
 C = Inter-level travel time spent in this place.
 D = Time resting spent in this place.
 E = Time spent auto-exploring this place.
 F = Levels seen in this place.
 G = Mean time per level.
                   A        B        C        D        E       F      G
               +--------+--------+--------+--------+--------+-----+--------+
         Total |   1783 |   1637 |    146 |      0 |   1326 |   3 |  594.3 |
       Dungeon |   1783 |   1637 |    146 |      0 |   1326 |   3 |  594.3 |
               +--------+--------+--------+--------+--------+-----+--------+

Top non-repeatable levels by time:
     D:1: 1029 daAuts
     D:2: 572 daAuts
     D:3: 180 daAuts
